 Dungeon Crawl Stone Soup version 0.16-a0-3521-gb1b4986 (webtiles) character file.

184 PolkaDot the Insei (level 5, -9/37 HPs)
             Began as an Octopode Monk on Jan 7, 2015.
             Mangled by Duvessa
             ... wielding a cursed -1 short sword
              (12 damage)
             ... on level 4 of the Dungeon.
             The game lasted 00:05:33 (3082 turns).

PolkaDot the Insei (Octopode Monk)                  Turns: 3082, Time: 00:05:33

Health: -9/37      AC:  1    Str: 11      XL:     5   Next: 64%
Magic:  5/5        EV: 19    Int: 13      God:
Gold:   103        SH:  0    Dex: 16 (19) Spells: 0 memorised, 4 levels left

rFire  . . .     SeeInvis .       - Unarmed
rCold  . . .     Clarity  .     (no shield)
rNeg   . . .     SustAb   .     (helmet restricted)
rPois  .         Gourm    .     (no amulet)
rElec  .         Spirit   .     (no ring)
rCorr  .         Warding  .     (no ring)
rMut   .         Stasis   .     (no ring)
MR     .....                    (no ring)
Stlth  ++++......               (no ring)
                                (no ring)
                                (no ring)
                                (no ring)

@: agile, not resistant to hostile enchantments, stealthy
A: almost no armour, amphibious, 8 rings, constrict 8, camouflage 1, gelatinous
body 1
a: no special abilities


You were on level 4 of the Dungeon.
You were not hungry.

You visited 1 branch of the dungeon, and saw 4 of its levels.

You collected 103 gold pieces.

Inventory:

Missiles
 s - a throwing net (quivered)
Jewellery
 i - a cursed ring of teleportation {unknown}
 k - an uncursed ring of sustain abilities {unknown}
Scrolls
 a - 2 scrolls of remove curse {unknown}
 c - 2 scrolls of noise {unknown}
 d - a scroll of random uselessness {unknown}
 e - 2 scrolls of identify
 h - 3 scrolls of magic mapping
 m - a scroll of enchant weapon {unknown}
 n - a scroll of amnesia {unknown}
 o - a scroll of immolation {unknown}
Comestibles
 b - 2 bread rations
 f - a meat ration
 l - a beef jerky
 q - a slice of pizza
 r - 4 chunks of flesh


   Skills:
 + Level 3.9 Fighting
 + Level 4.1 Dodging
 - Level 2.6 Stealth
 * Level 5.5 Unarmed Combat


You had 4 spell levels left.
You didn't know any spells.

Dungeon Overview and Level Annotations

Branches:
Dungeon (4/15)
 Temple: D:4-7

Altars:

Annotations:
D:4 Dowan, Duvessa


Innate Abilities, Weirdness & Mutations

You cannot wear most types of armour.
You are amphibious.
You can wear up to eight rings at the same time.
You can use your tentacles to constrict many enemies at once.
Your skin changes colour to match your surroundings (Stealth).
Your rubbery body absorbs attacks (AC +1).


Message History

It was a potion of cure mutation.
It has a very clean taste.
You constrict Duvessa, but do no damage.
The giant gecko completely misses you. Duvessa misses you.
Drink which item? (? for menu, Esc to quit)
It was a potion of degeneration.
There was something very wrong with that liquid.
You feel clumsy.
You constrict Duvessa. The giant gecko bites you.
* * * LOW HITPOINT WARNING * * *
Drink which item? (? for menu, Esc to quit)
You feel agile all of a sudden.
You constrict Duvessa. Duvessa barely misses you. The giant gecko misses you.
Read which item? (? for menu, Esc to quit)
As you read the scroll labeled DUYPI MAY, it crumbles to dust.
It is a scroll of identify.
Identify which item? (\ to view known items) (? for menu, Esc to quit)
h - 3 scrolls of magic mapping You constrict Duvessa.
The giant gecko completely misses you. Duvessa hits you with a short sword!
You die...

..........##.##
#######......#
o..#..?##.#
#..#..# ##.#..#
#....# ##...#
#..e.# #@##..#
#le##...#
#.###..e.# ..
#...... ...
...... ..#.
##../ ..##. .
##


You could see Duvessa, Dowan and a giant gecko.

Vanquished Creatures
  Natasha (twice) (D:3)
  Ijyb (D:3)
  Robin (D:2)
  6 adders
  A worm (D:3)
  An ooze (D:1)
  10 bats
  6 hobgoblins
  3 jackals (D:2)
  A quokka (D:4)
  A ball python (D:3)
  A giant cockroach (D:3)
  A giant gecko (D:3)
  A giant gecko zombie (D:3)
  A giant newt (D:3)
  19 goblins
  8 kobolds
  6 rats
70 creatures vanquished.

Notes
Turn   | Place    | Note
--------------------------------------------------------------
     0 | D:1      | PolkaDot, the Octopode Monk, began the quest for the Orb.
     0 | D:1      | Reached XP level 1. HP: 16/16 MP: 1/1
   432 | D:1      | Reached XP level 2. HP: 19/21 MP: 2/2
  1085 | D:2      | Reached XP level 3. HP: 21/26 MP: 3/3
  1549 | D:2      | Noticed Robin
  1555 | D:2      | Reached XP level 4. HP: 27/31 MP: 4/4
  1564 | D:2      | Killed Robin
  2001 | D:3      | Noticed Ijyb
  2009 | D:3      | Killed Ijyb
  2009 | D:3      | Reached skill level 5 in Unarmed Combat
  2342 | D:3      | Reached XP level 5. HP: 34/37 MP: 5/5
  2454 | D:3      | Noticed Natasha
  2464 | D:3      | Killed Natasha
  2849 | D:3      | Noticed Natasha
  2854 | D:3      | Killed Natasha
  3070 | D:4      | Noticed Dowan
  3072 | D:4      | Noticed Duvessa
  3082 | D:4      | Mangled by Duvessa

Action                   |  1- 3 |  4- 6 || total
-------------------------+-------+-------++-------
Melee: Unarmed           |    67 |    75 ||   142
  Use: Potion            |     2 |     3 ||     5
       Scroll            |       |     1 ||     1
 Stab: Sleeping          |     8 |     4 ||    12
  Eat: Chunk             |     2 |     5 ||     7
